 Dungeon Crawl Stone Soup version 0.14-a0-2162-g062a2ce (webtiles) character file.

68452 Murumi the Fencer (level 16, -5/109 HPs)
             Began as a Formicid Fighter on Jan 28, 2014.
             Was the Champion of Okawaru.
             Slain by a death yak (18 damage)
             ... on Level 8 of the Lair of Beasts on Jan 29, 2014.
             The game lasted 02:07:00 (23803 turns).

Murumi the Fencer (Formicid Fighter)               Turns: 23803, Time: 02:07:00

HP  -5/109       AC 27     Str 28      XL: 16   Next: 13%
MP  24/25        EV  8     Int 12      God: Okawaru [******]
Gold 1231        SH 33     Dex 13      Spells:  1 memorised, 13 levels left

rFire  + . .     SeeInvis +     Q - +7,+5 claymore (holy)
rCold  . . .     Clarity  .     o - +0 plate armour
rNeg   + . .     Conserve .     c - +1 shield
rPois  x         rCorr    .     (helmet unavailable)
rElec  .         rRot     .     n - +1 dwarf cloak
SustAb . .       Spirit   .     b - +0 pair of gloves
rMut   .         Warding  +     u - +1 pair of elf boots
Saprov . . .     Stasis   +     C - amulet "Yzao" {Ward Dex+3 Dam+5}
MR     +....                    B - ring of protection from fire
                                e - +4 ring of strength

@: heroism, somewhat resistant to hostile enchantments, extremely unstealthy
A: permanent stasis, dig shafts and tunnels, four strong arms, poison weakness,
antennae 3, exoskeleton 1
a: Dig, Shaft Self, Heroism, Renounce Religion


You were on level 8 of the Lair of Beasts.
You worshipped Okawaru.
Okawaru was exalted by your worship.
You were hungry.

You visited 4 branches of the dungeon, and saw 24 of its levels.
You visited 1 bazaar.
You also visited: Ice Cave and Volcano.

You collected 1646 gold pieces.
You spent 415 gold pieces at shops.

Inventory:

Hand weapons
 l - a +3,+5 demon blade of flaming
 Q - a +7,+5 claymore of holy wrath (weapon)
Missiles
 t - 31 bolts
Armour
 b - a +0 pair of gloves (worn)
 c - a +1 shield (worn)
 n - a +1 dwarven cloak (worn)
 o - a +0 plate armour (worn)
 u - a +1 pair of elven boots (worn)
Magical devices
 A - a wand of draining (7)
 E - a wand of frost (3)
 J - a wand of fireball (4)
Comestibles
 d - 10 bread rations
 g - 11 meat rations
 h - 6 beef jerkies
 m - 9 lemons
 K - 5 honeycombs
 L - 7 strawberries
 M - a pear
 O - an apple
Scrolls
 s - 2 scrolls of fog
 v - 7 scrolls of fear
 D - 3 scrolls of magic mapping
 G - 13 scrolls of remove curse
 H - 2 scrolls of summoning
 N - a scroll of silence
 R - a scroll of recharging
Jewellery
 a - an uncursed ring of protection from cold
 e - a +4 ring of strength (left hand)
 i - an uncursed amulet of conservation
 x - an uncursed ring of positive energy
 B - a ring of protection from fire (right hand)
 C - the amulet "Yzao" (around neck) {Ward Dex+3 Dam+5}
   (You found it on level 9 of the Dungeon)

   [amulet of warding]

   It affects your dexterity (+3).
   It affects your damage with ranged weapons and melee attacks (+5).
 F - the ring of Viobleoni {Hunger- Stlth++, unknown}
   (You found it on level 8 of the Lair of Beasts)

   [ring of sustenance]

   It makes you much more stealthy.
 I - an uncursed amulet of clarity
Potions
 f - 4 potions of might
 j - 2 potions of resistance
 k - 3 potions of brilliance
 p - 4 potions of restore abilities
 q - a potion of agility
 w - 2 potions of magic
 P - a potion of flight
 T - a potion of cure mutation
Books
 y - a book of Frost

   Spells                             Type                      Level
   Freeze                             Ice                          1
   Throw Frost                        Conjuration/Ice              2
   Ozocubu's Armour                   Charms/Ice                   3
   Throw Icicle                       Conjuration/Ice              4
   Summon Ice Beast                   Ice/Summoning                4
   Condensation Shield                Ice                          4


   Skills:
 - Level 10.0(15.0) Fighting
 + Level 16.1(21.1) Long Blades
 - Level 14.0(19.0) Armour
 - Level 3.1(8.1) Dodging
 - Level 13.0(18.0) Shields
 - Level 6.1 Invocations


You had 13 spell levels left.
You knew the following spells:

 Your Spells              Type           Power        Failure   Level  Hunger
a - Stoneskin             Trmt/Erth      #.........   99%         2    ###....


Dungeon Overview and Level Annotations

Branches:
Dungeon (12/16)            Temple (1/1) D:5             Orc (3/4) D:12
   Lair (8/8) D:11         Shoals (0/5) Lair:6       Spider (0/5) Lair:3
  Slime (0/6) Lair:7
    Elf: Orc:3-4

Altars:
Ashenzari
Cheibriados
Dithmengos
Elyvilon
Fedhas
Kikubaaqudgha
Makhleb
Nemelex Xobeh
Okawaru
Sif Muna
Trog
Vehumet
Xom
Yredelemnul
Zin
The Shining One
Beogh
Jiyva

Shops:
D:11 *

Annotations:
D:9 exclusion: oklob plant


Innate Abilities, Weirdness & Mutations

Your are under a permanent stasis effect.
You can dig through walls and to a lower floor.
Your four strong arms can wield any weapon, most with a shield.
You are susceptible to poison.
You have a pair of large antennae on your head (SInv).
Your body is surrounded by an exoskeleton. (AC +1)


Message History

You block the catoblepas' attack. You block the death yak's attack.
You slice the catoblepas like a ripe choko!!!
You kill the catoblepas!
Okawaru accepts your kill. The death yak gores you!
* * * LOW HITPOINT WARNING * * *
You completely miss the death yak. The death yak closely misses you.
Drink which item? (? for menu, Esc to quit)
You don't have any such object.
Drink which item? (? for menu, Esc to quit)
You feel better. You block the death yak's attack.
You hit the death yak.
The death yak is lightly wounded.
The death yak gores you.
* * * LOW HITPOINT WARNING * * *
You block the death yak's attack.
You slash the death yak!
The death yak is moderately wounded.
The death yak gores you!
You die...

.8..........# ........8...
...8....... ......8...
..8......# #......##
###### .. ##......#
####P...###... #...###PP#
#PP..8..P..... ...####
#@Y..8.....# ..###.###
###Y8..P.8..#
.##.....#####
#§Y.%.8.8..##
.....#..P##.###..##.....##
....##.....###..####P...#
...####........## ##..##
.### ##.###P..## .## ##
##..# ##...# .. #####..##
#...## ...


You could see 2 death yaks.

Vanquished Creatures
  A stone giant (Orc:3)
  The ghost of RedPan the Impaler, a powerful MfGl of Okawaru (Lair:3)
  The ghost of lorenz the Summoner, a powerful DESu of Sif Muna (D:10)
  Harold (Lair:3)
  Erica (Lair:3)
  11 death yaks
  9 hydras
  2 catoblepae (Lair:8)
  2 skeletal warriors (D:12)
  2 ice devils (IceCv)
  A lindwurm (Volcano)
  2 ice statues (IceCv)
  A centaur warrior (D:11)
  Joseph (D:7)
  2 hill giants
  A griffon (Lair:8)
  3 cyclopes
  6 elephants (Lair:7)
  4 black mambas
  13 spiny frogs
  An orange demon (D:10)
  A hellwing (D:10)
  6 komodo dragons
  A queen bee (Lair:4)
  4 fire drakes
  8 blue devils (IceCv)
  A centaur skeleton (D:11)
  A polar bear (Lair:8)
  20 blink frogs
  A wyvern (D:9)
  A grizzly bear (Lair:6)
  3 basilisks
  3 redbacks (Lair:8)
  A griffon skeleton (D:12)
  3 sharks
  A water elemental (D:12)
  51 yaks
  2 hill giant zombies
  9 hippogriffs
  2 clay golems (Volcano)
  The ghost of Sscchhmueptfter the Gusty, an average DgAE (D:4)
  A hill giant skeleton (D:9)
  A necrophage (D:8)
  4 swamp worms (Lair:5)
  Edmund (D:4)
  2 manticores (Volcano)
  9 orc warriors
  5 phantoms
  12 porcupines
  A hell hound (Volcano)
  13 ogres
  8 ice beasts
  2 boring beetles
  6 giant goldfish
  A sky beast (D:5)
  2 lava worms (Lair:6)
  10 crocodiles
  Sigmund (D:4)
  Duvessa (D:7)
  15 water moccasins
  9 giant slugs
  11 giant frogs
  5 centaurs
  Blork the orc (D:5)
  A silver statue (D:10)
  3 agate snails
  An eye of draining (D:10)
  A gnoll sergeant (D:4)
  8 lava fish
  5 electric eels
  7 wights (D:10)
  2 jellies (D:10)
  7 jellyfish
  11 killer bees (Lair:4)
  A goliath beetle (Lair:6)
  Dowan (D:7)
  4 crimson imps
  A giant frog skeleton (D:12)
  8 lava snakes (Volcano)
  A quasit (D:6)
  6 big fish
  15 hounds
  14 iguanas
  14 orc priests
  6 spiders (Lair:3)
  A two-headed ogre skeleton (D:7)
  9 worker ants
  17 orc wizards
  31 sheep
  A big kobold skeleton (D:12)
  10 gnolls
  36 green rats
  25 adders
  2 worm zombies
  3 giant centipedes (Lair:1)
  An inept feature mimic (D:7)
  2 giant mites
  6 white imps (IceCv)
  19 worms
  5 ufetubi (IceCv)
  An adder zombie (D:7)
  A giant centipede zombie (D:12)
  A giant eyeball (D:9)
  3 giant geckos
  2 oozes (D:3)
  87 orcs
  20 bats
  2 bat skeletons (D:7)
  8 giant cockroaches
  12 goblins
  9 hobgoblins
  18 jackals
  14 quokkas
  4 ball pythons
  7 giant newts
  2 giant spores
  9 kobolds
  A kobold skeleton (D:8)
  An orc skeleton (D:6)
  14 rats
  A rat skeleton (D:5)
  3 ballistomycetes
  A bush (Lair:8)
  2 butterflies (D:7)
815 creatures vanquished.

Vanquished Creatures (collateral kills)
  A komodo dragon (Lair:3)
  An adder (Lair:3)
2 creatures vanquished.

Vanquished Creatures (others)
  The ghost of Econoterrorist the Grappler, a powerful TrMo (IceCv)
  A jelly (D:5)
  An ufetubus (IceCv)
  5 white imps (IceCv)
  2 orcs (D:5)
  A giant spore (D:7)
  2 rats
  10 fungi
  3 plants
26 creatures vanquished.

Grand Total: 843 creatures vanquished

Notes
Turn   | Place    | Note
--------------------------------------------------------------
     0 | D:1      | Murumi, the Formicid Fighter, began the quest for the Orb.
     0 | D:1      | Reached XP level 1. HP: 16/16 MP: 1/1
    92 | D:1      | Reached skill level 4 in Armour
    92 | D:1      | Reached XP level 2. HP: 18/21 MP: 2/2
   348 | D:1      | Reached XP level 3. HP: 24/26 MP: 3/3
   797 | D:2      | Reached XP level 4. HP: 28/31 MP: 4/4
  1411 | D:3      | Reached XP level 5. HP: 20/36 MP: 5/5
  1727 | D:3      | Reached skill level 5 in Long Blades
  2080 | D:3      | Reached XP level 6. HP: 40/42 MP: 6/6
  2110 | D:4      | Found a bloodstained altar of Trog.
  2138 | D:4      | Noticed Sigmund
  2190 | D:4      | Killed Sigmund
  2210 | D:4      | Noticed Sscchhmueptfter's ghost (average DgAE)
  2512 | D:4      | Reached skill level 5 in Shields
  2512 | D:4      | Reached XP level 7. HP: 41/46 MP: 7/7
  2552 | D:4      | Killed Sscchhmueptfter's ghost
  2552 | D:4      | Reached skill level 5 in Armour
  2572 | D:4      | Noticed Edmund
  2595 | D:4      | Killed Edmund
  2595 | D:4      | Reached skill level 6 in Armour
  2598 | D:4      | Reached XP level 8. HP: 44/52 MP: 8/8
  2602 | D:4      | Found a sparkling altar of Nemelex Xobeh.
  2610 | D:4      | Noticed a phantom
  2638 | D:4      | Killed a phantom
  2638 | D:4      | Reached skill level 7 in Armour
  2658 | D:4      | Noticed an ogre
  2669 | D:4      | Killed an ogre
  2669 | D:4      | Reached skill level 1 in Dodging
  3090 | D:5      | Entered Level 5 of the Dungeon
  3423 | D:5      | Reached XP level 9. HP: 45/56 MP: 9/9
  3430 | D:5      | Found a radiant altar of Vehumet.
  3769 | D:5      | Noticed Blork the orc
  3806 | D:5      | Killed Blork the orc
  3859 | D:5      | Reached skill level 8 in Long Blades
  3998 | D:5      | Found a staircase to the Ecumenical Temple.
  4004 | Temple   | Entered the Ecumenical Temple
  4037 | Temple   | Became a worshipper of Warmaster Okawaru
  4417 | D:6      | Reached skill level 5 in Fighting
  4431 | D:6      | Found a shimmering altar of Xom.
  4431 | D:6      | Found a shimmering altar of Xom.
  4441 | D:6      | Found a shimmering altar of Xom.
  4441 | D:6      | Found a shimmering altar of Xom.
  5040 | D:7      | Noticed Dowan
  5057 | D:7      | Killed Dowan
  5079 | D:7      | Noticed Joseph
  5115 | D:7      | Acquired Okawaru's first power
  5132 | D:7      | Killed Joseph
  5132 | D:7      | Reached XP level 10. HP: 34/66 MP: 8/10
  5179 | D:7      | the staircase to the Ecumenical Temple was a mimic.
  5271 | D:7      | Reached skill level 1 in Invocations
  5395 | D:7      | Noticed Duvessa
  5423 | D:7      | Killed Duvessa
  5471 | D:7      | Found a shattered altar of Ashenzari.
  6069 | D:8      | Noticed a cyclops
  6092 | D:8      | Killed a cyclops
  6667 | D:9      | Reached skill level 9 in Long Blades
  6853 | D:9      | Reached XP level 11. HP: 65/71 MP: 18/21
  6935 | D:9      | Got an ancient ivory amulet
  6936 | D:9      | Identified the amulet "Yzao" {Ward Dex+3 Dam+5} (You found it on level 9 of the Dungeon)
  7219 | D:9      | Found a blossoming altar of Fedhas.
  7266 | D:9      | Noticed an oklob plant
  7398 | D:9      | Identified a scroll of acquirement
  7544 | D:10     | Entered Level 10 of the Dungeon
  7546 | D:10     | Reached skill level 10 in Long Blades
  7766 | D:10     | Noticed lorenz's ghost (powerful DESu)
  7767 | D:10     | Noticed a Shadow Fiend
  7769 | D:10     | Noticed a Brimstone Fiend
  7770 | D:10     | Noticed a green death
  7772 | D:10     | Noticed a green death
  7782 | D:10     | Killed lorenz's ghost
  7793 | D:10     | Reached skill level 10 in Armour
  8171 | D:10     | You fall through a shaft!
  8451 | D:11     | Noticed a centaur warrior
  8456 | D:11     | Killed a centaur warrior
  8499 | D:11     | Found Lant's General Store.
  8566 | D:11     | Found a staircase to the Lair.
  8577 | D:11     | Reached skill level 11 in Long Blades
  8619 | D:11     | Noticed an eight-headed hydra
  8634 | D:11     | Killed an eight-headed hydra
  8977 | D:11     | Noticed a hill giant
  8991 | D:11     | Killed a hill giant
  8991 | D:11     | Reached XP level 12. HP: 69/79 MP: 22/22
  9029 | D:11     | Noticed a six-headed hydra
  9043 | D:11     | Killed a six-headed hydra
  9043 | D:11     | Reached skill level 12 in Long Blades
  9205 | D:12     | Found a flickering gateway to a bazaar.
  9212 | Bazaar   | Entered a bazaar
  9225 | Bazaar   | Found Ofiroh's Magical Wand Shoppe.
  9225 | Bazaar   | Found Packefer's Weapon Shoppe.
  9261 | Bazaar   | Found Gresh's Magical Wand Emporium.
  9261 | Bazaar   | Found Marufues' Magic Scroll Emporium.
  9279 | Bazaar   | Bought a scroll of fear for 45 gold pieces
  9279 | Bazaar   | Bought a scroll of enchant weapon I for 71 gold pieces
  9279 | Bazaar   | Bought a scroll of identify for 26 gold pieces
  9279 | Bazaar   | Bought a scroll of enchant weapon I for 71 gold pieces
  9279 | Bazaar   | Bought a scroll of identify for 26 gold pieces
  9316 | D:12     | Found a frozen archway.
  9335 | IceCv    | Entered an ice cave
  9364 | IceCv    | Killed Econoterrorist's ghost
 10343 | IceCv    | Noticed an ice devil
 10367 | IceCv    | Killed an ice devil
 10452 | IceCv    | Noticed an ice devil
 10469 | IceCv    | Killed an ice devil
 10983 | D:12     | Reached skill level 10 in Shields
 11008 | D:12     | Found a staircase to the Orcish Mines.
 11290 | D:12     | Acquired Okawaru's second power
 11316 | D:12     | Reached XP level 13. HP: 30/88 MP: 23/23
 12229 | Orc:1    | Entered Level 1 of the Orcish Mines
 12414 | Orc:2    | Found a roughly hewn altar of Beogh.
 12943 | Orc:3    | Noticed a stone giant
 12982 | Orc:3    | Killed a stone giant
 13000 | Orc:3    | Received a gift from Okawaru
 13536 | Lair:1   | Entered Level 1 of the Lair of Beasts
 13680 | Lair:1   | Reached skill level 13 in Long Blades
 13970 | Lair:1   | Noticed an eight-headed hydra
 13978 | Lair:1   | Killed a 12-headed hydra
 14674 | Lair:2   | Reached skill level 10 in Fighting
 14753 | Lair:2   | Noticed a four-headed hydra
 15264 | Lair:2   | Killed a nine-headed hydra
 15329 | Lair:2   | Noticed a five-headed hydra
 15339 | Lair:2   | Killed a ten-headed hydra
 15378 | Lair:2   | Reached XP level 14. HP: 87/99 MP: 24/24
 15401 | Lair:2   | Noticed a four-headed hydra
 15411 | Lair:2   | Killed a seven-headed hydra
 15932 | Lair:3   | Found a hole to the Spider Nest.
 16057 | Lair:3   | Noticed RedPan's ghost (powerful MfGl)
 16083 | Lair:3   | Killed RedPan's ghost
 16110 | Lair:3   | Received a gift from Okawaru
 16308 | Lair:3   | Noticed Erica
 16318 | Lair:3   | Killed Erica
 16463 | Lair:3   | Noticed Harold
 16481 | Lair:3   | Killed Harold
 16481 | Lair:3   | Reached skill level 14 in Long Blades
 17002 | Lair:4   | Found a dark tunnel.
 17014 | Volcano  | Entered a volcano
 17192 | Volcano  | Found a burning altar of Makhleb.
 17591 | Lair:4   | Reached skill level 15 in Long Blades
 19109 | Lair:5   | Reached XP level 15. HP: 93/103 MP: 25/25
 19479 | Lair:5   | Learned a level 2 spell: Stoneskin
 19762 | Lair:6   | Received a gift from Okawaru
 19823 | Lair:6   | Found a staircase to the Shoals.
 20619 | Lair:7   | Found a viscous altar of Jiyva.
 20639 | Lair:7   | Received a gift from Okawaru
 20973 | D:11     | Bought a scroll of enchant weapon II for 88 gold pieces
 20973 | D:11     | Bought a scroll of enchant weapon I for 88 gold pieces
 21412 | Lair:7   | Got a steaming diamond amulet
 21413 | Lair:7   | Identified the amulet "Treuzael" {Spirit rC- Str-1 Dex+4} (You found it on level 7 of the Lair of Beasts)
 21790 | Lair:7   | Found a staircase to the Slime Pits.
 21848 | Lair:7   | Reached skill level 16 in Long Blades
 22915 | Lair:8   | Entered Level 8 of the Lair of Beasts
 22990 | Lair:7   | Received a gift from Okawaru
 23653 | Lair:8   | Reached XP level 16. HP: 81/109 MP: 23/25
 23729 | Lair:8   | Received a gift from Okawaru
 23753 | Lair:8   | Got an ancient jade ring
 23803 | Lair:8   | Slain by a death yak

Action                   |  1- 3 |  4- 6 |  7- 9 | 10-12 | 13-15 | 16-18 || total
-------------------------+-------+-------+-------+-------+-------+-------++-------
Melee: Falchion          |   127 |       |       |       |       |       ||   127
       Long sword        |       |   211 |   441 |   351 |       |       ||  1003
       Great sword       |       |       |       |   394 |  1055 |       ||  1449
       Scimitar          |       |       |       |     6 |       |       ||     6
       Claymore          |       |       |       |       |   283 |    36 ||   319
       Demon blade       |       |       |       |       |    14 |       ||    14
Invok: Heroism           |       |       |     1 |    21 |    21 |     1 ||    44
 Abil: Dig               |       |       |     5 |    16 |    11 |       ||    32
Evoke: Wand              |       |       |       |    21 |    15 |       ||    36
  Use: Scroll            |       |    19 |     4 |    15 |    23 |       ||    61
       Potion            |       |     1 |     2 |     4 |     5 |     2 ||    14
